 Dungeon Crawl Stone Soup version 0.28.0 (webtiles) character file.

Game seed: 10417442222561206132

305 lonewolfV2 the Covered (level 6, -1/53 HPs)
             Began as a Minotaur Fighter on Feb 7, 2022.
             Succumbed to a killer bee's poison
             ... on level 4 of the Dungeon.
             The game lasted 00:08:13 (3828 turns).

lonewolfV2 the Covered (Minotaur Fighter)           Turns: 3828, Time: 00:08:14

Health: -1/53      AC:  8    Str: 22    XL:     6   Next: 15%
Magic:  5/5        EV:  9    Int:  7    God:
Gold:   174        SH:  5    Dex: 12    Spells: 5/5 levels left

rFire   + . .      SeeInvis .   a - +0 war axe
rCold   + . .      Faith    .   c - +0 buckler
rNeg    . . .      Spirit   .   b - +0 scale mail
rPois   .          Reflect  .   (helmet restricted)
rElec   .          Harm     .   (no cloak)
rCorr   .          Rampage  .   o - +0 pair of gloves of Lifelessness {Will++ Stlth-}
Will    ++...                   (no boots)
Stlth   ..........              (no amulet)
HPRegen 0.17/turn               g - ring of flight
MPRegen 0.09/turn               i - ring of protection from cold

@: lethally poisoned (-1 -> -10), flying
A: horns 2, retaliatory headbutt, agile 1, clever 1, fire resistance 1
a: no special abilities


You were on level 4 of the Dungeon.
You visited 1 branch of the dungeon, and saw 4 of its levels.
You also visited: Sewer.

You collected 174 gold pieces.

Inventory:

Hand Weapons
 a - a +0 war axe (weapon)
Armour
 b - a +0 scale mail (worn)
 c - a +0 buckler (worn)
 o - the +0 pair of gloves of Lifelessness (worn) {Will++ Stlth-}
   (You found it on level 3 of the Dungeon)

   Will:      It greatly increases your willpower.
   Stlth:     It makes you less stealthy.
Jewellery
 g - a ring of flight (left hand)
 i - a ring of protection from cold (right hand)
 n - a ring of protection from cold
 p - a ring of positive energy
Scrolls
 m - a scroll of amnesia
Potions
 d - a potion of might
 e - a potion of curing
 h - a potion of haste {unknown}
 j - a potion of cancellation {unknown}


   Skills:
 + Level 4.6 Fighting
 + Level 5.1 Axes
 + Level 5.3 Armour
 + Level 0.6 Dodging
 + Level 0.3 Stealth
 + Level 4.7 Shields


You had 5 spell levels left.
You didn't know any spells.
Your spell library contained the following spells:

 Spells                   Type           Power      Damage    Failure   Level
 Sandblast                Erth           0%         2d4       83%         1
 Passwall                 Tmut/Erth      0%         N/A       92%         2
 Stone Arrow              Conj/Erth      0%         3d7       99%         3
 Animate Armour           Summ/Erth      0%         N/A       100%        4
 Lehudib's Crystal Spear  Conj/Erth      0%         10d2      100%        8


Dungeon Overview and Level Annotations

Branches:
Dungeon (4/15)              Sewer (visited)
 Temple: D:4-7

Altars:
Ru

Shops:
D:1 ?


Innate Abilities, Weirdness & Mutations

You have a pair of horns on your head.
You reflexively headbutt those who attack you in melee.
You are agile. (Dex +2)
Your mind is acute. (Int +2)
Your flesh is heat resistant. (rF+)


Message History

The gnoll is severely wounded.
The gnoll completely misses you.
You barely miss the gnoll.
The gnoll is severely wounded.
The gnoll hits you but does no damage.
You barely miss the gnoll.
The gnoll is severely wounded.
You block the gnoll's attack. The gnoll hits you with a +0 halberd!
You closely miss the gnoll. You headbutt the gnoll.
You kill the gnoll!
You see here a +0 halberd.
A killer bee comes into view.
A killer bee is nearby!
A killer bee is nearby!
A killer bee is nearby!
The killer bee buzzes angrily.
You hear an angry buzzing noise.
A killer bee comes into view. x3
The killer bee buzzes angrily. x2; You hear an angry buzzing noise.
The killer bee stings you but does no damage.
A killer bee comes into view.
The killer bee stings you.
You are poisoned.
The killer bee poisons you!
Blink to where?
Press: ? - help, Dir - move target
As you read the scroll of blinking, it crumbles to dust.
You feel sick.
You feel sick.
You feel sick.
You feel sick.
You feel sick. You block the killer bee's attack. The killer bee stings you.
* * * LOW HITPOINT WARNING * * *
The killer bee barely misses you.
You feel sick. The killer bee stings you!
* * * LOW HITPOINT WARNING * * *
You are lethally poisoned!
The killer bee poisons you! The killer bee stings you.
* * * LOW HITPOINT WARNING * * *
You block the killer bee's attack. The killer bee barely misses you.
You die...

#.##≈≈)≈≈##.##............≈
#.≈≈.....≈≈.#.............≈
#.≈≈.....≈≈.#...)..........
#≈≈≈..÷...÷.......)..§.....
#.≈≈.....≈≈......)........≈
#.≈≈.....≈≈..............≈≈
#.##≈≈≈≈≈##yy...........≈≈≈
#.##≈≈≈≈≈##yy.#.........≈≈≈
#.........@.y.###.........≈
#########<...## ####.......
####........# *,*####....
*##...........#*******
**,,,
###.............#*,*_*,*
****
*##..............##***,***
##................# *,*,*
..................# ***,*,*
..................# *,,,,,*
*


You could see 5 killer bees.

Vanquished Creatures
  Pargi (Sewer)
  A jelly (D:4)
  Jessica (D:3)
  4 gnolls (D:4)
  3 adders
  3 worms
  A dart slug (D:1)
  An orc (D:3)
  13 ball pythons
  6 endoplasms
  4 giant cockroaches
  6 goblins
  5 hobgoblins (D:1)
  7 jackals (D:1)
  3 quokkas
  5 bats
  4 frilled lizards
  8 kobolds
  4 rats
80 creatures vanquished.

Notes
Turn   | Place    | Note
-------+----------+-------------------------------------------
     0 | D:1      | lonewolfV2 the Minotaur Fighter began the quest for the
                  | Orb.
     0 | D:1      | Reached XP level 1. HP: 19/19 MP: 0/0
    42 | D:1      | Found Doallaybof's Magic Scroll Emporium.
   113 | D:1      | Reached XP level 2. HP: 27/27 MP: 1/1
   706 | D:1      | Reached XP level 3. HP: 32/33 MP: 2/2
  1907 | D:2      | Reached XP level 4. HP: 40/40 MP: 3/3
  2661 | D:3      | Noticed Jessica
  2670 | D:3      | Killed Jessica
  2936 | D:3      | Identified the +0 pair of gloves of Lifelessness {Will++
                  | Stlth-}
  3315 | D:3      | Reached XP level 5. HP: 44/46 MP: 4/4
  3374 | D:3      | Found a sacrificial altar of Ru.
  3537 | D:4      | Gained mutation: Your mind is acute. (Int +2) [potion of
                  | mutation]
  3537 | D:4      | Gained mutation: You are agile. (Dex +2) [potion of
                  | mutation]
  3537 | D:4      | Gained mutation: Your flesh is heat resistant. (rF+)
                  | [potion of mutation]
  3547 | D:4      | Found a glowing drain.
  3564 | Sewer    | Entered a sewer
  3618 | Sewer    | Noticed Pargi
  3626 | Sewer    | Killed Pargi
  3627 | Sewer    | Reached skill level 5 in Armour
  3801 | D:4      | Reached XP level 6. HP: 48/53 MP: 5/5
  3803 | D:4      | Reached skill level 5 in Axes
  3827 | D:4      | HP: 1/53 [killer bee (4)]
  3828 | D:4      | Succumbed to a killer bee's poison

Illustrated notes

Levels and vault maps discovered:
D:1:      minmay_arrival_hallway, layout_loops_ring, serial_shops,
          nicolae_shop_crystal
D:2:      layout_basic
D:3:      layout_basic, mainiacjoe_overflow_catwalk, uniq_jessica
D:4:      layout_cave_pods, makhleb_altar_promises_db,
          cheibrodos_sewer_entry_sluice, lemuel_old_faithful

Skill      XL: |  1  2  3  4  5  6 |
---------------+-------------------+-----
Shields        | 4 |  4.7
Fighting       | 4 |  4.6
Armour         | 4 5 |  5.3
Axes           | 3 4 5 |  5.1
Dodging        | |  0.6
Stealth        | |  0.3

Action                   |  1- 3 |  4- 6 || total
-------------------------+-------+-------++-------
Melee: War axe           |    89 |    71 ||   160
       Headbutt          |    13 |     7 ||    20
  Use: Scroll            |       |    11 ||    11
       Potion            |       |     5 ||     5
Armor: Scale mail        |    44 |    43 ||    87
Dodge: Dodged            |    42 |    39 ||    81
Block: Buckler           |    20 |    24 ||    44
